AoeStats
← sivequest

Glade

510919023Analyzed
1v1 RM · 19h ago on Oct 3, 2026· 49m 30s· 2 players
Game mode
Random Map
Map size
Tiny (2 player)
Population
200
Speed
Normal
Resources
Standard
Victory
Conquest
Starting age
Dark Age
Ending age
Imperial Age
RankedLock teamsTeams togetherTeam positionsShared explorationLock speedFull tech treeHidden civsTurbo modeCheats
Victory
Defeat
🇺🇸 Cumans · United States
1050
+16
🇺🇸 Lithuanians · United States
1047
-16
sivequest
4:52 Loom
9:41 Feudal Age
10:39 Double-Bit Axe
12:48 Scale Barding Armor
13:43 Forging
20:49 Castle Age
19:50 Bloodlines
19:52 Horse Collar
25:23 Chain Barding Armor
33:25 Imperial Age
36:11 Husbandry
38:10 Wheelbarrow
43:13 Light Cavalry
47:39 Plate Barding Armor
47:40 Iron Casting
Gramps
7:27 Loom
9:46 Feudal Age
10:30 Double-Bit Axe
11:53 Horse Collar
23:49 Wheelbarrow
25:33 Castle Age
23:51 Scale Mail Armor
24:01 Forging
23:38 Man-at-Arms
26:06 Fletching
27:48 Long Swordsman
28:30 Squires
28:51 Chain Mail Armor
29:36 Bow Saw
29:28 Heavy Plow
31:51 Arson
34:03 Bodkin Arrow
34:14 Capped Ram
36:45 Hand Cart
38:47 Iron Casting
38:38 Pikeman
44:11 Imperial Age
44:25 Two-Handed Swordsman
44:27 Siege Ram
45:39 Plate Mail Armor
46:10 Blast Furnace
45:46 Champion
46:24 Halberdier
Connection lost

Rejoining the realm…

Still unreachable

The connection could not be restored.

Session expired

The server has moved on; the page needs a fresh start.